AoeStats
← AxingQuestions

QS Arena

503518836Analyzed
1v1 RM · 1mo ago on Sep 1, 2026· 27m 25s· 2 players
Game mode
Random Map
Map size
Tiny (2 player)
Population
200
Speed
Normal
Resources
Standard
Victory
Conquest
Starting age
Dark Age
Ending age
Imperial Age
RankedLock teamsTeams togetherTeam positionsShared explorationLock speedFull tech treeHidden civsTurbo modeCheats
Victory
Defeat
🇺🇸 Bohemians · United States
1199
+16
🇨🇴 Turks · Colombia
1207
-16
AxingQuestions
1:45 Loom
8:49 Feudal Age
12:27 Castle Age
10:50 Double-Bit Axe
11:11 Horse Collar
14:56 Bow Saw
17:37 Fletching
18:24 Town Watch
21:30 Wheelbarrow
21:08 Town Patrol
23:04 Pikeman
24:10 Heavy Plow
24:26 Crossbowman
26:37 Hand Cart
Andru5552
2:44 Loom
8:12 Feudal Age
12:21 Castle Age
11:29 Double-Bit Axe
20:10 Scale Barding Armor
20:52 Forging
21:10 Bloodlines
21:04 Husbandry
25:58 Chain Barding Armor
Connection lost

Rejoining the realm…

Still unreachable

The connection could not be restored.

Session expired

The server has moved on; the page needs a fresh start.